[ PARTIDA AOE2 · #463652249 ]
UnrankedMalayos vs Khmer
[ ANÁLISIS DE REPETICIÓN · EXTRAÍDO DE LA PARTIDA GRABADA ]
Feudal
12:59
Castillos
15:26
Imperial
—
| APM promedio | 20.5 |
| APM pico | 90 |
| eAPM promedio | 10.4 |
| Aldeanos / militares | 75 / 104 |
Foco
⚔️ 19.7% · 🌾 80.3%
Karambit Warrior ×98 · Battering Ram ×6
Feudal
10:34
Castillos
14:55
Imperial
32:24
| APM promedio | 34.0 |
| APM pico | 60 |
| eAPM promedio | 23.3 |
| Aldeanos / militares | 195 / 174 |
Foco
⚔️ 30.6% · 🌾 69.4%
Battle Elephant ×167 · Trebuchet (Packed) ×5 · Monk ×2
Feudal
—
Castillos
—
Imperial
—
| APM promedio | 7.6 |
| APM pico | 45 |
| eAPM promedio | 3.1 |
| Aldeanos / militares | 26 / 0 |
Foco
⚔️ 3.2% · 🌾 96.8%
Feudal
10:45
Castillos
15:45
Imperial
—
| APM promedio | 21.4 |
| APM pico | 41 |
| eAPM promedio | 12.1 |
| Aldeanos / militares | 66 / 69 |
Foco
⚔️ 30.1% · 🌾 69.9%
Archer ×66 · Battering Ram ×3
Feudal
8:36
Castillos
17:45
Imperial
32:55
| APM promedio | 36.2 |
| APM pico | 69 |
| eAPM promedio | 20.3 |
| Aldeanos / militares | 105 / 6 |
Foco
⚔️ 31.5% · 🌾 68.5%
Unknown (1944) ×99 · Unknown (1949) ×16 · Scout Cavalry ×6
Feudal
10:32
Castillos
14:27
Imperial
—
| APM promedio | 15.2 |
| APM pico | 77 |
| eAPM promedio | 6.4 |
| Aldeanos / militares | 41 / 0 |
Foco
⚔️ 12.2% · 🌾 87.8%
Feudal
11:27
Castillos
15:51
Imperial
—
| APM promedio | 31.8 |
| APM pico | 78 |
| eAPM promedio | 14.5 |
| Aldeanos / militares | 63 / 125 |
Foco
⚔️ 43.1% · 🌾 56.9%
Samurai ×117 · Battering Ram ×7 · Mangonel ×1 · Unknown (1105) ×1
Feudal
8:43
Castillos
21:28
Imperial
36:49
| APM promedio | 44.4 |
| APM pico | 92 |
| eAPM promedio | 25.3 |
| Aldeanos / militares | 147 / 144 |
Foco
⚔️ 30.8% · 🌾 69.2%
Steppe Lancer ×140 · Camel Scout ×2 · Battering Ram ×2
Mapa de la partida
Recursos iniciales + cada clic de construcción. Líneas = muros · curvas = relieve. ◆ oro · ⬟ piedra · ● bayas · ✦ reliquia · ◌ hueco del cierre
Inputs por minuto
— Lalo Salamanca - - Dr_Sanz
Build order — Lalo Salamanca
Primeras 150 de 172 acciones detectadas
| 0:01 | Crear | Villager (Male) |
| 0:01 | Crear | Villager (Male) |
| 0:02 | Crear | Villager (Male) |
| 0:02 | Crear | Villager (Male) |
| 0:02 | Crear | Villager (Male) |
| 0:03 | Construir | House |
| 0:05 | Construir | House |
| 1:26 | Crear | Villager (Male) |
| 1:26 | Crear | Villager (Male) |
| 2:03 | Crear | Villager (Male) |
| 2:03 | Crear | Villager (Male) |
| 2:12 | Crear | Villager (Male) |
| 2:13 | Crear | Villager (Male) |
| 2:15 | Construir | Lumber Camp |
| 2:44 | Crear | Villager (Male) |
| 2:45 | Crear | Villager (Male) |
| 2:53 | Construir | House |
| 2:55 | Construir | House |
| 2:56 | Crear | Villager (Male) |
| 2:57 | Crear | Villager (Male) |
| 3:31 | Crear | Villager (Male) |
| 3:31 | Crear | Villager (Male) |
| 3:47 | Crear | Villager (Male) |
| 3:54 | Construir | House |
| 3:55 | Construir | House |
| 4:15 | Construir | House |
| 4:36 | Crear | Villager (Male) |
| 4:36 | Crear | Villager (Male) |
| 4:53 | Crear | Villager (Male) |
| 4:53 | Crear | Villager (Male) |
| 5:05 | Construir | Mill |
| 5:15 | Crear | Villager (Male) |
| 5:15 | Crear | Villager (Male) |
| 6:03 | Crear | Villager (Male) |
| 6:04 | Crear | Villager (Male) |
| 6:04 | Crear | Villager (Male) |
| 6:10 | Crear | Villager (Male) |
| 6:11 | Crear | Villager (Male) |
| 6:36 | Crear | Villager (Male) |
| 6:42 | Crear | Villager (Male) |
| 6:42 | Crear | Villager (Male) |
| 6:47 | Crear | Villager (Male) |
| 6:48 | Crear | Villager (Male) |
| 7:00 | Crear | Villager (Male) |
| 7:01 | Crear | Villager (Male) |
| 7:12 | Construir | Mining Camp |
| 7:22 | Crear | Villager (Male) |
| 7:22 | Crear | Villager (Male) |
| 7:54 | Crear | Villager (Male) |
| 7:54 | Crear | Villager (Male) |
| 8:06 | Crear | Villager (Male) |
| 8:06 | Crear | Villager (Male) |
| 8:07 | Crear | Villager (Male) |
| 8:07 | Crear | Villager (Male) |
| 8:18 | Construir | Farm |
| 8:22 | Construir | Farm |
| 8:56 | Construir | Mining Camp |
| 11:17 | Investigar | Feudal Age |
| 12:13 | Crear | Villager (Male) |
| 12:14 | Crear | Villager (Male) |
| 12:59 | Edad | Edad Feudal |
| 13:01 | Construir | Market |
| 13:04 | Construir | Blacksmith |
| 13:07 | Construir | House |
| 13:08 | Construir | House |
| 13:09 | Construir | House |
| 13:48 | Investigar | Double-Bit Axe |
| 13:50 | Investigar | Castle Age |
| 13:51 | Investigar | Castle Age |
| 14:30 | Investigar | Horse Collar |
| 14:36 | Construir | Farm |
| 14:39 | Construir | Farm |
| 15:14 | Construir | House |
| 15:16 | Construir | House |
| 15:17 | Construir | House |
| 15:26 | Edad | Edad de los Castillos |
| 15:37 | Construir | Castle |
| 15:47 | Crear | Villager (Male) |
| 16:01 | Crear | Villager (Male) |
| 16:01 | Crear | Villager (Male) |
| 16:19 | Construir | Farm |
| 16:20 | Construir | Farm |
| 16:23 | Construir | Farm |
| 16:25 | Construir | Farm |
| 16:27 | Construir | Farm |
| 16:29 | Construir | Farm |
| 16:34 | Crear | Villager (Male) |
| 16:35 | Crear | Villager (Male) |
| 16:40 | Construir | Farm |
| 16:41 | Construir | Farm |
| 16:59 | Construir | Siege Workshop |
| 17:06 | Construir | Farm |
| 17:10 | Construir | Farm |
| 17:28 | Crear | Karambit Warrior |
| 17:28 | Crear | Karambit Warrior |
| 17:38 | Crear | Villager (Male) |
| 17:48 | Crear | Karambit Warrior |
| 17:52 | Crear | Villager (Male) |
| 17:55 | Construir | Farm |
| 18:15 | Crear | Villager (Male) |
| 18:16 | Crear | Villager (Male) |
| 18:18 | Crear | Battering Ram |
| 18:18 | Crear | Battering Ram |
| 18:18 | Crear | Battering Ram |
| 18:19 | Crear | Battering Ram |
| 18:48 | Crear | Karambit Warrior ×5 |
| 19:29 | Investigar | Forging |
| 19:50 | Crear | Battering Ram |
| 19:51 | Crear | Villager (Male) |
| 19:52 | Crear | Villager (Male) |
| 19:52 | Crear | Villager (Male) |
| 19:55 | Construir | Farm |
| 19:58 | Construir | Farm |
| 20:11 | Crear | Battering Ram |
| 20:15 | Crear | Karambit Warrior ×5 |
| 20:15 | Crear | Karambit Warrior ×5 |
| 20:16 | Crear | Karambit Warrior ×5 |
| 20:25 | Construir | Farm |
| 20:28 | Crear | Villager (Male) |
| 20:33 | Crear | Karambit Warrior |
| 20:33 | Crear | Karambit Warrior |
| 20:34 | Crear | Karambit Warrior |
| 20:34 | Crear | Karambit Warrior |
| 20:39 | Crear | Karambit Warrior ×5 |
| 20:39 | Crear | Karambit Warrior ×5 |
| 20:39 | Crear | Karambit Warrior ×3 |
| 20:46 | Crear | Villager (Male) |
| 20:51 | Construir | Farm |
| 21:09 | Construir | Barracks |
| 21:13 | Construir | Barracks |
| 21:16 | Construir | House |
| 21:17 | Construir | House |
| 21:18 | Construir | House |
| 21:27 | Crear | Karambit Warrior ×5 |
| 21:27 | Crear | Karambit Warrior ×5 |
| 21:28 | Crear | Karambit Warrior ×5 |
| 21:28 | Crear | Karambit Warrior ×4 |
| 22:08 | Investigar | Iron Casting |
| 22:08 | Investigar | Iron Casting |
| 22:31 | Investigar | Squires |
| 22:31 | Investigar | Squires |
| 22:34 | Construir | Town Center |
| 23:25 | Crear | Villager (Male) |
| 23:25 | Crear | Villager (Male) |
| 23:26 | Crear | Villager (Male) |
| 23:26 | Crear | Villager (Male) |
| 23:26 | Crear | Villager (Male) |
| 23:34 | Crear | Villager (Male) |
| 23:34 | Crear | Villager (Male) |
| 23:35 | Crear | Villager (Male) |
Build order — Dr_Sanz
Primeras 150 de 533 acciones detectadas
| 0:03 | Crear | Villager (Male) |
| 0:03 | Crear | Villager (Male) |
| 0:04 | Crear | Villager (Male) |
| 0:05 | Construir | House |
| 0:08 | Construir | House |
| 0:22 | Crear | Villager (Male) |
| 0:22 | Crear | Villager (Male) |
| 1:32 | Crear | Villager (Male) |
| 1:33 | Crear | Villager (Male) |
| 1:33 | Crear | Villager (Male) |
| 2:07 | Crear | Villager (Male) |
| 2:07 | Crear | Villager (Male) |
| 2:13 | Crear | Villager (Male) |
| 2:13 | Crear | Villager (Male) |
| 2:40 | Construir | Lumber Camp |
| 2:50 | Crear | Villager (Male) |
| 2:51 | Crear | Villager (Male) |
| 2:58 | Crear | Villager (Male) |
| 2:58 | Crear | Villager (Male) |
| 3:40 | Crear | Villager (Male) |
| 3:40 | Crear | Villager (Male) |
| 3:51 | Construir | House |
| 3:53 | Construir | House |
| 4:04 | Crear | Villager (Male) |
| 4:05 | Crear | Villager (Male) |
| 4:39 | Crear | Villager (Male) |
| 4:40 | Crear | Villager (Male) |
| 5:02 | Crear | Villager (Male) |
| 5:02 | Crear | Villager (Male) |
| 5:02 | Crear | Villager (Male) |
| 5:03 | Crear | Villager (Male) |
| 5:16 | Construir | Mill |
| 5:45 | Crear | Villager (Male) |
| 5:46 | Crear | Villager (Male) |
| 5:46 | Crear | Villager (Male) |
| 5:46 | Crear | Villager (Male) |
| 6:40 | Crear | Villager (Male) |
| 6:40 | Crear | Villager (Male) |
| 6:40 | Crear | Villager (Male) |
| 6:40 | Crear | Villager (Male) |
| 6:41 | Crear | Villager (Male) |
| 6:49 | Construir | Farm |
| 6:50 | Construir | Farm |
| 7:47 | Construir | Mining Camp |
| 8:16 | Investigar | Feudal Age |
| 9:08 | Construir | Mill |
| 9:28 | Crear | Villager (Male) |
| 9:29 | Crear | Villager (Male) |
| 9:36 | Construir | House |
| 9:38 | Construir | Farm |
| 9:40 | Construir | Farm |
| 10:34 | Edad | Edad Feudal |
| 10:38 | Crear | Villager (Male) |
| 11:41 | Crear | Villager (Male) |
| 12:07 | Investigar | Castle Age |
| 12:07 | Investigar | Castle Age |
| 12:44 | Investigar | Double-Bit Axe |
| 12:46 | Investigar | Horse Collar |
| 13:27 | Construir | Lumber Camp |
| 13:31 | Construir | House |
| 13:59 | Crear | Villager (Male) |
| 14:00 | Crear | Villager (Male) |
| 14:55 | Edad | Edad de los Castillos |
| 14:57 | Construir | Town Center |
| 15:07 | Construir | Town Center |
| 15:13 | Crear | Villager (Male) |
| 15:25 | Construir | Monastery |
| 15:48 | Crear | Villager (Male) |
| 15:49 | Crear | Villager (Male) |
| 15:49 | Crear | Villager (Male) |
| 15:56 | Crear | Villager (Male) |
| 16:06 | Crear | Villager (Male) |
| 16:06 | Crear | Villager (Male) |
| 16:06 | Crear | Villager (Male) |
| 16:12 | Crear | Monk |
| 16:15 | Construir | Farm |
| 16:21 | Crear | Monk |
| 16:30 | Crear | Villager (Male) |
| 16:30 | Crear | Villager (Male) |
| 16:33 | Construir | Farm |
| 16:35 | Construir | Farm |
| 16:36 | Construir | Farm |
| 16:39 | Investigar | Wheelbarrow |
| 16:40 | Investigar | Loom |
| 16:54 | Construir | Farm |
| 17:01 | Construir | House |
| 17:02 | Construir | House |
| 17:03 | Construir | House |
| 17:05 | Construir | House |
| 17:06 | Crear | Villager (Male) |
| 17:06 | Crear | Villager (Male) |
| 17:06 | Crear | Villager (Male) |
| 17:18 | Construir | Farm |
| 17:28 | Construir | Farm |
| 17:31 | Crear | Villager (Male) |
| 17:32 | Crear | Villager (Male) |
| 17:35 | Construir | Farm |
| 17:39 | Construir | Farm |
| 17:48 | Construir | Farm |
| 17:49 | Crear | Villager (Male) |
| 17:49 | Crear | Villager (Male) |
| 17:49 | Crear | Villager (Male) |
| 17:55 | Construir | Farm |
| 18:06 | Crear | Villager (Male) |
| 18:06 | Crear | Villager (Male) |
| 18:16 | Crear | Villager (Male) |
| 18:16 | Crear | Villager (Male) |
| 18:20 | Construir | Farm |
| 18:20 | Construir | Farm |
| 18:21 | Construir | Farm |
| 18:22 | Construir | Farm |
| 18:24 | Crear | Villager (Male) |
| 18:24 | Crear | Villager (Male) |
| 18:25 | Crear | Villager (Male) |
| 18:30 | Crear | Villager (Male) |
| 18:30 | Crear | Villager (Male) |
| 18:31 | Crear | Villager (Male) |
| 18:37 | Crear | Villager (Male) |
| 18:37 | Crear | Villager (Male) |
| 18:47 | Construir | Stable |
| 18:49 | Crear | Villager (Male) |
| 18:49 | Crear | Villager (Male) |
| 18:49 | Crear | Villager (Male) |
| 18:53 | Crear | Villager (Male) |
| 19:05 | Construir | House |
| 19:08 | Construir | Palisade Gate |
| 19:10 | Construir | House |
| 19:11 | Construir | House |
| 19:14 | Construir | House |
| 19:15 | Crear | Villager (Male) |
| 19:15 | Crear | Villager (Male) |
| 19:16 | Crear | Villager (Male) |
| 19:16 | Crear | Villager (Male) |
| 19:20 | Construir | Farm |
| 19:32 | Investigar | Heavy Plow |
| 19:39 | Crear | Villager (Male) |
| 19:39 | Crear | Villager (Male) |
| 19:44 | Crear | Villager (Male) |
| 19:53 | Crear | Villager (Male) |
| 19:53 | Crear | Villager (Male) |
| 19:59 | Construir | Town Center |
| 20:00 | Crear | Villager (Male) |
| 20:00 | Crear | Villager (Male) |
| 20:04 | Crear | Villager (Male) |
| 20:05 | Crear | Villager (Male) |
| 20:16 | Crear | Villager (Male) |
| 20:16 | Crear | Villager (Male) |
| 20:16 | Crear | Villager (Male) |
| 20:17 | Crear | Villager (Male) |
| 20:24 | Construir | Farm |
Build order — aldeanovago
39 acciones detectadas en el replay
| 0:05 | Construir | House |
| 0:07 | Construir | House |
| 0:08 | Crear | Villager (Male) |
| 0:08 | Crear | Villager (Male) |
| 0:10 | Crear | Villager (Male) |
| 0:11 | Crear | Villager (Male) |
| 0:11 | Crear | Villager (Male) |
| 1:35 | Crear | Villager (Male) |
| 1:35 | Crear | Villager (Male) |
| 2:09 | Construir | Lumber Camp |
| 2:10 | Crear | Villager (Male) |
| 2:10 | Crear | Villager (Male) |
| 2:27 | Crear | Villager (Male) |
| 3:01 | Crear | Villager (Male) |
| 3:16 | Crear | Villager (Male) |
| 3:17 | Crear | Villager (Male) |
| 3:20 | Construir | House |
| 3:53 | Crear | Villager (Male) |
| 3:54 | Crear | Villager (Male) |
| 3:54 | Crear | Villager (Male) |
| 4:44 | Crear | Villager (Male) |
| 4:45 | Crear | Villager (Male) |
| 5:09 | Crear | Villager (Male) |
| 5:12 | Construir | House |
| 5:55 | Crear | Villager (Male) |
| 5:57 | Crear | Villager (Male) |
| 5:57 | Crear | Villager (Male) |
| 6:52 | Crear | Villager (Male) |
| 6:58 | Construir | Mill |
| 7:00 | Crear | Villager (Male) |
| 7:27 | Crear | Villager (Male) |
| 8:30 | Crear | Villager (Male) |
| 8:34 | Investigar | Loom |
| 8:37 | Construir | House |
| 9:00 | Investigar | Feudal Age |
| 9:06 | Construir | Mining Camp |
| 9:23 | Construir | Farm |
| 9:30 | Construir | Farm |
| 9:55 | Construir | Farm |
Build order — Czech_Airwave
Primeras 150 de 194 acciones detectadas
| 0:01 | Crear | Villager (Male) |
| 0:01 | Crear | Villager (Male) |
| 0:01 | Crear | Villager (Male) |
| 0:02 | Construir | House |
| 0:03 | Construir | House |
| 0:48 | Crear | Villager (Male) |
| 1:34 | Crear | Villager (Male) |
| 1:55 | Construir | Lumber Camp |
| 2:12 | Crear | Villager (Male) |
| 2:13 | Crear | Villager (Male) |
| 2:13 | Crear | Villager (Male) |
| 3:01 | Crear | Villager (Male) |
| 3:01 | Crear | Villager (Male) |
| 3:19 | Construir | House |
| 3:23 | Crear | Villager (Male) |
| 3:23 | Crear | Villager (Male) |
| 3:23 | Crear | Villager (Male) |
| 3:47 | Crear | Villager (Male) |
| 3:47 | Crear | Villager (Male) |
| 3:47 | Crear | Villager (Male) |
| 4:24 | Crear | Villager (Male) |
| 4:24 | Crear | Villager (Male) |
| 4:24 | Crear | Villager (Male) |
| 5:15 | Crear | Villager (Male) |
| 5:15 | Crear | Villager (Male) |
| 5:38 | Crear | Villager (Male) |
| 5:38 | Crear | Villager (Male) |
| 5:46 | Construir | House |
| 5:49 | Crear | Villager (Male) |
| 5:49 | Crear | Villager (Male) |
| 5:49 | Crear | Villager (Male) |
| 6:04 | Crear | Villager (Male) |
| 6:25 | Crear | Villager (Male) |
| 6:25 | Crear | Villager (Male) |
| 6:52 | Crear | Villager (Male) |
| 6:52 | Crear | Villager (Male) |
| 6:52 | Crear | Villager (Male) |
| 6:52 | Crear | Villager (Male) |
| 6:52 | Crear | Villager (Male) |
| 6:53 | Crear | Villager (Male) |
| 7:00 | Construir | Mill |
| 7:07 | Construir | Mill |
| 7:45 | Construir | House |
| 8:11 | Investigar | Feudal Age |
| 8:51 | Construir | Lumber Camp |
| 10:04 | Construir | Farm |
| 10:11 | Construir | Farm |
| 10:32 | Construir | Farm |
| 10:45 | Edad | Edad Feudal |
| 10:52 | Crear | Villager (Male) |
| 11:03 | Construir | Market |
| 11:27 | Crear | Villager (Male) |
| 11:27 | Crear | Villager (Male) |
| 11:33 | Construir | Blacksmith |
| 11:40 | Construir | Farm |
| 11:43 | Construir | Farm |
| 11:57 | Construir | Farm |
| 12:20 | Construir | Farm |
| 12:24 | Crear | Villager (Male) |
| 13:05 | Investigar | Castle Age |
| 14:44 | Investigar | Double-Bit Axe |
| 14:46 | Investigar | Horse Collar |
| 15:07 | Construir | Barracks |
| 15:13 | Construir | Mining Camp |
| 15:16 | Crear | Villager (Male) |
| 15:16 | Crear | Villager (Male) |
| 15:26 | Investigar | Fletching |
| 15:26 | Investigar | Padded Archer Armor |
| 15:45 | Edad | Edad de los Castillos |
| 15:56 | Construir | Archery Range |
| 16:00 | Investigar | Bodkin Arrow |
| 16:06 | Investigar | Gold Mining |
| 16:09 | Crear | Villager (Male) |
| 16:28 | Construir | House |
| 16:39 | Crear | Villager (Male) |
| 16:42 | Investigar | Bow Saw |
| 16:48 | Crear | Archer |
| 16:53 | Construir | House |
| 17:04 | Crear | Villager (Male) |
| 17:04 | Crear | Villager (Male) |
| 17:16 | Construir | Farm |
| 17:18 | Construir | Farm |
| 17:24 | Construir | Archery Range |
| 17:27 | Crear | Archer |
| 17:39 | Construir | University |
| 17:47 | Construir | Siege Workshop |
| 17:50 | Crear | Villager (Male) |
| 17:52 | Crear | Archer |
| 18:13 | Crear | Archer |
| 18:15 | Construir | House |
| 18:21 | Crear | Archer |
| 18:22 | Crear | Archer |
| 18:23 | Crear | Villager (Male) |
| 18:40 | Crear | Battering Ram |
| 18:43 | Construir | House |
| 18:47 | Construir | House |
| 19:00 | Crear | Villager (Male) |
| 19:00 | Crear | Villager (Male) |
| 19:12 | Investigar | Crossbowman (upgrade) |
| 19:14 | Crear | Archer |
| 19:15 | Construir | House |
| 19:16 | Construir | House |
| 19:43 | Crear | Villager (Male) |
| 19:46 | Crear | Archer |
| 19:46 | Crear | Archer |
| 19:53 | Construir | Farm |
| 19:56 | Construir | Farm |
| 20:09 | Crear | Archer |
| 20:10 | Crear | Archer |
| 21:00 | Crear | Battering Ram |
| 21:01 | Crear | Archer |
| 21:01 | Crear | Archer |
| 21:15 | Crear | Villager (Male) |
| 21:15 | Crear | Villager (Male) |
| 21:17 | Investigar | Loom |
| 22:22 | Crear | Archer |
| 22:22 | Crear | Archer |
| 22:23 | Crear | Archer |
| 22:24 | Crear | Archer |
| 22:35 | Construir | Watch Tower |
| 23:34 | Construir | Mill |
| 23:59 | Construir | Town Center |
| 24:19 | Construir | Building 487 |
| 24:32 | Crear | Archer |
| 24:32 | Crear | Archer |
| 24:32 | Crear | Archer |
| 24:35 | Crear | Archer |
| 24:36 | Crear | Archer |
| 24:36 | Crear | Archer |
| 24:36 | Crear | Archer |
| 24:49 | Investigar | Padded Archer Armor |
| 25:41 | Crear | Villager (Male) |
| 25:42 | Crear | Villager (Male) |
| 25:42 | Crear | Villager (Male) |
| 25:42 | Crear | Villager (Male) |
| 25:42 | Crear | Villager (Male) |
| 26:47 | Crear | Archer |
| 26:47 | Crear | Archer |
| 26:48 | Crear | Archer |
| 26:48 | Crear | Archer |
| 26:48 | Crear | Archer |
| 26:49 | Crear | Archer |
| 26:54 | Construir | House |
| 27:37 | Investigar | Ballistics |
| 27:44 | Construir | House |
| 27:52 | Crear | Villager (Male) |
| 27:53 | Crear | Villager (Male) |
| 27:53 | Crear | Villager (Male) |
| 27:53 | Crear | Villager (Male) |
| 27:57 | Investigar | Bow Saw |
Build order — 武林(野うさぎ同盟 )
Primeras 150 de 352 acciones detectadas
| 0:01 | Crear | Villager (Male) |
| 0:02 | Crear | Villager (Male) |
| 0:02 | Crear | Villager (Male) |
| 0:02 | Crear | Villager (Male) |
| 0:05 | Construir | House |
| 0:06 | Construir | House |
| 1:47 | Crear | Villager (Male) |
| 1:47 | Crear | Villager (Male) |
| 2:14 | Crear | Villager (Male) |
| 2:14 | Crear | Villager (Male) |
| 2:14 | Crear | Villager (Male) |
| 3:03 | Crear | Villager (Male) |
| 3:04 | Crear | Villager (Male) |
| 3:04 | Crear | Villager (Male) |
| 3:07 | Construir | House |
| 3:38 | Construir | Lumber Camp |
| 3:56 | Crear | Villager (Male) |
| 3:56 | Crear | Villager (Male) |
| 4:37 | Crear | Villager (Male) |
| 4:37 | Crear | Villager (Male) |
| 4:38 | Crear | Villager (Male) |
| 4:47 | Crear | Villager (Male) |
| 4:55 | Crear | Villager (Male) |
| 5:50 | Construir | Mill |
| 6:00 | Crear | Villager (Male) |
| 6:21 | Investigar | Feudal Age |
| 6:48 | Construir | House |
| 6:50 | Construir | House |
| 6:50 | Construir | House |
| 8:10 | Construir | Mining Camp |
| 8:13 | Crear | Villager (Male) |
| 8:36 | Edad | Edad Feudal |
| 8:38 | Investigar | Double-Bit Axe |
| 8:38 | Investigar | Horse Collar |
| 8:48 | Crear | Villager (Male) |
| 8:48 | Crear | Villager (Male) |
| 8:57 | Investigar | Gold Mining |
| 9:09 | Construir | Farm |
| 9:15 | Crear | Villager (Male) |
| 9:23 | Construir | Farm |
| 9:32 | Construir | Farm |
| 9:38 | Crear | Villager (Male) |
| 9:48 | Construir | Farm |
| 9:55 | Construir | Farm |
| 10:04 | Crear | Villager (Male) |
| 10:08 | Construir | House |
| 10:14 | Construir | House |
| 10:33 | Construir | Farm |
| 10:36 | Construir | Farm |
| 10:40 | Crear | Villager (Male) |
| 10:52 | Construir | Farm |
| 10:55 | Crear | Villager (Male) |
| 11:14 | Construir | Blacksmith |
| 11:21 | Crear | Villager (Male) |
| 11:28 | Crear | Villager (Male) |
| 11:57 | Crear | Villager (Male) |
| 12:03 | Construir | Market |
| 12:09 | Crear | Villager (Male) |
| 12:32 | Crear | Villager (Male) |
| 12:35 | Construir | Farm |
| 12:57 | Construir | Farm |
| 13:18 | Construir | Farm |
| 13:27 | Construir | Farm |
| 13:32 | Construir | Farm |
| 13:35 | Investigar | Wheelbarrow |
| 13:43 | Construir | Farm |
| 14:12 | Construir | Barracks |
| 14:34 | Construir | House |
| 15:05 | Investigar | Castle Age |
| 15:41 | Investigar | Stone Mining |
| 15:50 | Construir | Mining Camp |
| 16:16 | Crear | Villager (Male) |
| 17:03 | Construir | Stable |
| 17:14 | Construir | Stable |
| 17:18 | Construir | Stable |
| 17:21 | Investigar | Scale Barding Armor |
| 17:29 | Construir | House |
| 17:29 | Construir | House |
| 17:30 | Construir | House |
| 17:45 | Edad | Edad de los Castillos |
| 17:48 | Construir | Town Center |
| 17:49 | Crear | Villager (Male) |
| 18:08 | Investigar | Bow Saw |
| 18:15 | Investigar | Heavy Plow |
| 18:17 | Crear | Villager (Male) |
| 18:19 | Crear | Unit 1944 |
| 18:20 | Crear | Unit 1944 |
| 18:31 | Crear | Villager (Male) |
| 18:32 | Investigar | Light Cavalry (upgrade) |
| 18:36 | Investigar | Bloodlines |
| 18:39 | Investigar | Light Cavalry (upgrade) |
| 18:43 | Crear | Villager (Male) |
| 18:44 | Crear | Villager (Male) |
| 19:01 | Crear | Villager (Male) |
| 19:16 | Construir | Town Center |
| 19:38 | Crear | Scout Cavalry |
| 19:40 | Investigar | Bloodlines |
| 19:41 | Crear | Unit 1944 |
| 19:46 | Crear | Villager (Male) |
| 19:48 | Crear | Villager (Male) |
| 19:48 | Crear | Villager (Male) |
| 19:48 | Crear | Villager (Male) |
| 20:00 | Crear | Villager (Male) |
| 20:01 | Crear | Villager (Male) |
| 20:05 | Construir | House |
| 20:06 | Construir | House |
| 20:08 | Construir | House |
| 20:08 | Construir | House |
| 20:17 | Construir | Stable |
| 20:17 | Crear | Villager (Male) |
| 20:17 | Crear | Villager (Male) |
| 20:18 | Crear | Villager (Male) |
| 20:18 | Crear | Villager (Male) |
| 20:28 | Construir | Farm |
| 20:44 | Crear | Unit 1944 |
| 20:46 | Investigar | Forging |
| 20:49 | Construir | Farm |
| 20:52 | Construir | Farm |
| 20:52 | Construir | Farm |
| 20:53 | Construir | Farm |
| 20:58 | Crear | Villager (Male) |
| 21:12 | Crear | Villager (Male) |
| 21:12 | Crear | Villager (Male) |
| 21:17 | Construir | Farm |
| 21:25 | Construir | Farm |
| 21:26 | Crear | Villager (Male) |
| 21:40 | Construir | Farm |
| 21:43 | Construir | Farm |
| 21:44 | Crear | Villager (Male) |
| 21:44 | Crear | Villager (Male) |
| 21:45 | Crear | Unit 1944 |
| 21:46 | Crear | Unit 1944 |
| 22:01 | Crear | Unit 1944 |
| 22:01 | Crear | Unit 1944 |
| 22:05 | Construir | Farm |
| 22:08 | Construir | House |
| 22:09 | Construir | House |
| 22:10 | Construir | House |
| 22:10 | Construir | House |
| 22:11 | Construir | House |
| 22:12 | Investigar | Loom |
| 22:15 | Crear | Unit 1944 |
| 22:15 | Crear | Unit 1944 |
| 22:21 | Crear | Villager (Male) |
| 22:21 | Crear | Villager (Male) |
| 22:33 | Crear | Unit 1944 |
| 22:33 | Crear | Unit 1944 |
| 22:39 | Construir | Farm |
| 22:41 | Construir | Farm |
| 22:44 | Crear | Villager (Male) |
Build order — no_body_only_head)
88 acciones detectadas en el replay
| 0:02 | Crear | Villager (Male) |
| 0:02 | Crear | Villager (Male) |
| 0:03 | Construir | House |
| 0:05 | Construir | House |
| 0:13 | Crear | Villager (Male) |
| 0:13 | Crear | Villager (Male) |
| 0:13 | Crear | Villager (Male) |
| 1:34 | Crear | Villager (Male) |
| 1:34 | Crear | Villager (Male) |
| 1:55 | Construir | Lumber Camp |
| 2:01 | Crear | Villager (Male) |
| 2:01 | Crear | Villager (Male) |
| 2:10 | Crear | Villager (Male) |
| 2:10 | Crear | Villager (Male) |
| 2:33 | Crear | Villager (Male) |
| 2:33 | Crear | Villager (Male) |
| 2:57 | Crear | Villager (Male) |
| 2:58 | Crear | Villager (Male) |
| 2:58 | Crear | Villager (Male) |
| 3:15 | Crear | Villager (Male) |
| 3:15 | Crear | Villager (Male) |
| 3:30 | Construir | House |
| 3:31 | Construir | House |
| 3:37 | Crear | Villager (Male) |
| 3:37 | Crear | Villager (Male) |
| 4:07 | Crear | Villager (Male) |
| 4:22 | Construir | Mill |
| 4:30 | Crear | Villager (Male) |
| 4:30 | Crear | Villager (Male) |
| 4:58 | Crear | Villager (Male) |
| 4:58 | Crear | Villager (Male) |
| 5:12 | Crear | Villager (Male) |
| 5:13 | Crear | Villager (Male) |
| 5:30 | Crear | Villager (Male) |
| 6:02 | Construir | Lumber Camp |
| 6:20 | Crear | Villager (Male) |
| 6:54 | Construir | Farm |
| 7:43 | Investigar | Feudal Age |
| 7:45 | Construir | Mining Camp |
| 9:20 | Construir | House |
| 9:24 | Crear | Villager (Male) |
| 9:24 | Crear | Villager (Male) |
| 9:25 | Crear | Villager (Male) |
| 10:32 | Edad | Edad Feudal |
| 10:35 | Construir | Market |
| 10:37 | Construir | Blacksmith |
| 11:06 | Construir | Mining Camp |
| 11:11 | Construir | Farm |
| 11:14 | Construir | Farm |
| 11:39 | Investigar | Castle Age |
| 11:39 | Investigar | Castle Age |
| 11:45 | Construir | House |
| 11:45 | Construir | House |
| 11:46 | Construir | House |
| 11:47 | Construir | House |
| 11:54 | Construir | House |
| 12:01 | Construir | Farm |
| 12:04 | Construir | Farm |
| 12:27 | Investigar | Double-Bit Axe |
| 12:27 | Investigar | Double-Bit Axe |
| 12:28 | Investigar | Horse Collar |
| 12:28 | Investigar | Horse Collar |
| 13:52 | Investigar | Loom |
| 13:53 | Crear | Villager (Male) |
| 14:09 | Construir | Farm |
| 14:12 | Construir | Farm |
| 14:21 | Crear | Villager (Male) |
| 14:27 | Edad | Edad de los Castillos |
| 14:59 | Investigar | Bow Saw |
| 15:18 | Crear | Villager (Male) |
| 15:21 | Crear | Villager (Male) |
| 15:44 | Crear | Villager (Male) |
| 16:26 | Construir | Farm |
| 16:32 | Construir | Farm |
| 16:32 | Construir | Farm |
| 16:33 | Construir | Farm |
| 16:33 | Construir | Farm |
| 16:39 | Investigar | Gold Mining |
| 16:41 | Investigar | Wheelbarrow |
| 16:59 | Construir | House |
| 17:07 | Construir | Farm |
| 17:12 | Construir | Farm |
| 17:17 | Crear | Villager (Male) |
| 17:17 | Crear | Villager (Male) |
| 17:55 | Construir | Mining Camp |
| 18:01 | Crear | Villager (Male) |
| 18:14 | Construir | House |
| 19:08 | Crear | Villager (Male) |
Build order — 焕城
Primeras 150 de 252 acciones detectadas
| 0:01 | Crear | Villager (Male) |
| 0:01 | Crear | Villager (Male) |
| 0:02 | Crear | Villager (Male) |
| 0:02 | Crear | Villager (Male) |
| 0:02 | Crear | Villager (Male) |
| 0:04 | Construir | House |
| 0:06 | Construir | House |
| 1:37 | Crear | Villager (Male) |
| 1:37 | Crear | Villager (Male) |
| 1:52 | Construir | Lumber Camp |
| 2:12 | Crear | Villager (Male) |
| 2:18 | Crear | Villager (Male) |
| 2:19 | Crear | Villager (Male) |
| 2:41 | Construir | House |
| 2:53 | Crear | Villager (Male) |
| 2:53 | Crear | Villager (Male) |
| 3:08 | Crear | Villager (Male) |
| 3:08 | Crear | Villager (Male) |
| 3:21 | Construir | House |
| 3:46 | Crear | Villager (Male) |
| 3:46 | Crear | Villager (Male) |
| 3:46 | Crear | Villager (Male) |
| 3:47 | Crear | Villager (Male) |
| 4:18 | Crear | Villager (Male) |
| 4:19 | Crear | Villager (Male) |
| 4:19 | Crear | Villager (Male) |
| 4:47 | Construir | Mill |
| 5:13 | Crear | Villager (Male) |
| 5:13 | Crear | Villager (Male) |
| 5:13 | Crear | Villager (Male) |
| 5:17 | Crear | Villager (Male) |
| 5:17 | Crear | Villager (Male) |
| 5:38 | Construir | House |
| 6:19 | Crear | Villager (Male) |
| 6:56 | Construir | Farm |
| 7:13 | Crear | Villager (Male) |
| 7:50 | Crear | Villager (Male) |
| 8:02 | Crear | Villager (Male) |
| 8:06 | Construir | Mining Camp |
| 8:48 | Construir | Mining Camp |
| 8:50 | Crear | Villager (Male) |
| 9:17 | Investigar | Feudal Age |
| 9:53 | Construir | Farm |
| 11:26 | Crear | Villager (Male) |
| 11:27 | Edad | Edad Feudal |
| 11:34 | Construir | Market |
| 11:40 | Construir | Blacksmith |
| 11:50 | Crear | Villager (Male) |
| 12:21 | Crear | Villager (Male) |
| 12:29 | Investigar | Loom |
| 12:45 | Investigar | Double-Bit Axe |
| 12:58 | Investigar | Castle Age |
| 13:09 | Investigar | Horse Collar |
| 13:19 | Construir | Farm |
| 13:22 | Construir | Farm |
| 13:27 | Construir | Farm |
| 14:00 | Construir | House |
| 14:05 | Construir | Lumber Camp |
| 14:12 | Construir | House |
| 14:38 | Construir | Farm |
| 14:43 | Construir | Farm |
| 15:03 | Construir | House |
| 15:06 | Construir | House |
| 15:28 | Crear | Villager (Male) |
| 15:38 | Construir | House |
| 15:51 | Edad | Edad de los Castillos |
| 15:56 | Construir | Castle |
| 16:13 | Construir | Siege Workshop |
| 16:15 | Crear | Villager (Male) |
| 16:34 | Crear | Villager (Male) |
| 16:48 | Construir | Farm |
| 16:58 | Construir | Farm |
| 17:00 | Crear | Battering Ram |
| 17:00 | Crear | Battering Ram |
| 17:06 | Crear | Villager (Male) |
| 17:23 | Crear | Villager (Male) |
| 17:28 | Crear | Villager (Male) |
| 17:29 | Crear | Samurai |
| 17:29 | Crear | Samurai |
| 17:29 | Crear | Samurai |
| 17:30 | Crear | Samurai |
| 17:30 | Crear | Samurai |
| 17:30 | Crear | Samurai |
| 18:03 | Crear | Battering Ram |
| 18:09 | Construir | Farm |
| 18:11 | Construir | Farm |
| 18:18 | Construir | Farm |
| 18:19 | Crear | Samurai |
| 18:33 | Crear | Samurai |
| 18:44 | Crear | Villager (Male) |
| 18:47 | Crear | Battering Ram |
| 18:48 | Crear | Samurai |
| 18:49 | Crear | Samurai |
| 18:56 | Construir | Farm |
| 19:00 | Construir | Farm |
| 19:04 | Crear | Villager (Male) |
| 19:04 | Crear | Villager (Male) |
| 19:05 | Crear | Villager (Male) |
| 19:18 | Crear | Samurai |
| 19:18 | Crear | Samurai |
| 19:28 | Crear | Samurai |
| 19:28 | Crear | Samurai |
| 19:35 | Crear | Samurai |
| 19:35 | Crear | Samurai |
| 19:53 | Construir | Farm |
| 19:53 | Construir | Farm |
| 19:54 | Construir | Farm |
| 19:55 | Crear | Samurai |
| 19:56 | Crear | Samurai |
| 19:56 | Crear | Samurai |
| 20:06 | Crear | Samurai |
| 20:06 | Crear | Samurai |
| 20:28 | Investigar | Town Watch |
| 20:48 | Crear | Samurai |
| 20:48 | Crear | Samurai |
| 20:59 | Construir | Barracks |
| 21:02 | Crear | Villager (Male) |
| 21:02 | Crear | Villager (Male) |
| 21:26 | Crear | Samurai |
| 21:26 | Crear | Samurai |
| 21:31 | Construir | Farm |
| 21:36 | Investigar | Scale Mail Armor |
| 21:45 | Crear | Battering Ram |
| 22:00 | Investigar | Wheelbarrow |
| 22:33 | Crear | Samurai |
| 22:33 | Crear | Samurai |
| 22:34 | Crear | Samurai |
| 22:34 | Crear | Samurai |
| 22:34 | Crear | Samurai |
| 22:56 | Crear | Samurai |
| 22:56 | Crear | Samurai |
| 22:57 | Crear | Samurai |
| 22:57 | Crear | Samurai |
| 23:06 | Crear | Battering Ram |
| 23:08 | Crear | Samurai |
| 23:08 | Crear | Samurai |
| 23:08 | Crear | Samurai |
| 23:28 | Crear | Samurai |
| 23:28 | Crear | Samurai |
| 23:32 | Construir | House |
| 23:33 | Construir | House |
| 23:33 | Construir | House |
| 23:48 | Crear | Samurai |
| 23:48 | Crear | Samurai |
| 23:49 | Crear | Samurai |
| 24:02 | Crear | Battering Ram |
| 24:04 | Crear | Samurai |
| 24:04 | Crear | Samurai |
| 24:04 | Crear | Samurai |
| 24:19 | Investigar | Squires |
Build order — Marchantia
Primeras 150 de 434 acciones detectadas
| 0:03 | Crear | Villager (Male) |
| 0:03 | Crear | Villager (Male) |
| 0:03 | Crear | Villager (Male) |
| 0:05 | Construir | House |
| 0:07 | Construir | House |
| 0:12 | Crear | Villager (Male) |
| 0:12 | Crear | Villager (Male) |
| 1:25 | Crear | Villager (Male) |
| 2:00 | Crear | Villager (Male) |
| 2:00 | Crear | Villager (Male) |
| 2:14 | Construir | House |
| 2:33 | Crear | Villager (Male) |
| 2:33 | Crear | Villager (Male) |
| 2:43 | Crear | Villager (Male) |
| 2:43 | Crear | Villager (Male) |
| 3:12 | Construir | Lumber Camp |
| 3:17 | Crear | Villager (Male) |
| 3:18 | Crear | Villager (Male) |
| 3:18 | Crear | Villager (Male) |
| 3:39 | Crear | Villager (Male) |
| 3:39 | Crear | Villager (Male) |
| 4:21 | Crear | Villager (Male) |
| 4:21 | Crear | Villager (Male) |
| 4:25 | Crear | Villager (Male) |
| 4:25 | Crear | Villager (Male) |
| 4:26 | Crear | Villager (Male) |
| 4:26 | Crear | Villager (Male) |
| 5:40 | Crear | Villager (Male) |
| 5:56 | Construir | Mill |
| 6:33 | Investigar | Feudal Age |
| 6:34 | Investigar | Feudal Age |
| 7:16 | Construir | House |
| 7:29 | Construir | House |
| 7:30 | Construir | House |
| 7:36 | Crear | Villager (Male) |
| 7:36 | Crear | Villager (Male) |
| 8:43 | Edad | Edad Feudal |
| 9:04 | Construir | Town Center |
| 9:11 | Investigar | Double-Bit Axe |
| 9:11 | Investigar | Double-Bit Axe |
| 9:11 | Investigar | Double-Bit Axe |
| 9:33 | Crear | Villager (Male) |
| 10:02 | Crear | Villager (Male) |
| 10:03 | Crear | Villager (Male) |
| 10:21 | Crear | Villager (Male) |
| 10:21 | Crear | Villager (Male) |
| 10:25 | Crear | Villager (Male) |
| 10:25 | Crear | Villager (Male) |
| 10:46 | Investigar | Horse Collar |
| 10:46 | Investigar | Horse Collar |
| 10:57 | Construir | Farm |
| 11:05 | Crear | Villager (Male) |
| 11:12 | Construir | Farm |
| 11:24 | Construir | Farm |
| 11:28 | Crear | Villager (Male) |
| 11:28 | Crear | Villager (Male) |
| 11:36 | Construir | Farm |
| 11:46 | Crear | Villager (Male) |
| 11:47 | Crear | Villager (Male) |
| 11:53 | Construir | Farm |
| 12:06 | Construir | Farm |
| 12:16 | Crear | Villager (Male) |
| 12:17 | Crear | Villager (Male) |
| 12:22 | Construir | Farm |
| 12:30 | Construir | House |
| 12:38 | Construir | House |
| 12:40 | Crear | Villager (Male) |
| 12:44 | Construir | Farm |
| 12:51 | Crear | Villager (Male) |
| 13:04 | Construir | Farm |
| 13:06 | Crear | Villager (Male) |
| 13:20 | Crear | Villager (Male) |
| 13:26 | Construir | Farm |
| 13:30 | Construir | Farm |
| 13:32 | Construir | House |
| 13:34 | Crear | Villager (Male) |
| 13:38 | Construir | Farm |
| 13:41 | Construir | Farm |
| 13:44 | Crear | Villager (Male) |
| 13:48 | Construir | Farm |
| 13:51 | Construir | Farm |
| 13:55 | Construir | Farm |
| 13:58 | Construir | Farm |
| 13:59 | Crear | Villager (Male) |
| 14:00 | Crear | Villager (Male) |
| 14:02 | Construir | House |
| 14:10 | Construir | Farm |
| 14:11 | Construir | Farm |
| 14:13 | Construir | Farm |
| 14:15 | Crear | Villager (Male) |
| 14:23 | Crear | Villager (Male) |
| 14:29 | Crear | Villager (Male) |
| 14:33 | Construir | House |
| 14:39 | Construir | Farm |
| 14:43 | Construir | Farm |
| 14:51 | Investigar | Wheelbarrow |
| 14:53 | Crear | Villager (Male) |
| 15:04 | Construir | House |
| 15:13 | Construir | Mining Camp |
| 15:21 | Crear | Villager (Male) |
| 15:21 | Crear | Villager (Male) |
| 15:29 | Construir | House |
| 15:30 | Crear | Villager (Male) |
| 15:51 | Construir | Blacksmith |
| 15:55 | Crear | Villager (Male) |
| 15:59 | Construir | Farm |
| 16:14 | Crear | Villager (Male) |
| 16:21 | Construir | Farm |
| 16:24 | Crear | Villager (Male) |
| 16:30 | Construir | Lumber Camp |
| 16:53 | Crear | Villager (Male) |
| 16:53 | Crear | Villager (Male) |
| 17:08 | Construir | Barracks |
| 17:13 | Crear | Villager (Male) |
| 17:13 | Crear | Villager (Male) |
| 17:21 | Investigar | Scale Barding Armor |
| 17:34 | Construir | Mining Camp |
| 17:42 | Construir | Farm |
| 17:45 | Construir | Farm |
| 17:51 | Construir | Stable |
| 17:53 | Crear | Villager (Male) |
| 17:53 | Crear | Villager (Male) |
| 17:59 | Crear | Villager (Male) |
| 18:00 | Crear | Villager (Male) |
| 18:06 | Construir | Farm |
| 18:15 | Construir | Mining Camp |
| 18:21 | Crear | Villager (Male) |
| 18:27 | Construir | House |
| 18:33 | Construir | Stable |
| 18:37 | Investigar | Castle Age |
| 18:37 | Investigar | Castle Age |
| 18:38 | Crear | Villager (Male) |
| 18:39 | Crear | Villager (Male) |
| 18:52 | Investigar | Gold Mining |
| 18:52 | Investigar | Gold Mining |
| 18:55 | Crear | Villager (Male) |
| 18:56 | Crear | Villager (Male) |
| 19:07 | Construir | House |
| 19:11 | Construir | Stable |
| 19:25 | Construir | Farm |
| 19:33 | Construir | Siege Workshop |
| 19:39 | Construir | House |
| 19:45 | Crear | Villager (Male) |
| 19:48 | Construir | Farm |
| 19:49 | Construir | Farm |
| 20:02 | Crear | Villager (Male) |
| 20:10 | Construir | House |
| 20:24 | Investigar | Forging |
| 20:24 | Investigar | Forging |
| 20:28 | Crear | Villager (Male) |
Cronología de la partida
| 8:36 | 武林(野うさぎ同盟 ) · age_up feudal |
| 8:43 | Marchantia · age_up feudal |
| 10:32 | no_body_only_head) · age_up feudal |
| 10:34 | Dr_Sanz · age_up feudal |
| 10:41 | aldeanovago · resign |
| 10:45 | Czech_Airwave · age_up feudal |
| 11:27 | 焕城 · age_up feudal |
| 12:57 | Czech_Airwave · first_market_sell 100 wood |
| 12:58 | Czech_Airwave · first_market_buy 100 food |
| 12:59 | Lalo Salamanca · age_up feudal |
| 14:12 | 武林(野うさぎ同盟 ) · first_building Barracks |
| 14:27 | no_body_only_head) · age_up castle |
| 14:28 | Lalo Salamanca · first_market_buy 100 food |
| 14:55 | Dr_Sanz · age_up castle |
| 14:55 | 武林(野うさぎ同盟 ) · first_market_sell 100 wood |
| 14:56 | 武林(野うさぎ同盟 ) · first_market_buy 100 food |
| 15:07 | Czech_Airwave · first_building Barracks |
| 15:07 | no_body_only_head) · first_market_sell 100 wood |
| 15:10 | no_body_only_head) · first_market_buy 100 stone |
| 15:25 | Dr_Sanz · first_building Monastery |
| 15:26 | Lalo Salamanca · age_up castle |
| 15:37 | Lalo Salamanca · first_building Castle |
| 15:45 | Czech_Airwave · age_up castle |
| 15:51 | 焕城 · age_up castle |
| 15:56 | Czech_Airwave · first_building Archery Range |
| 15:56 | 焕城 · first_building Castle |
| 16:13 | 焕城 · first_building Siege Workshop |
| 16:59 | Lalo Salamanca · first_building Siege Workshop |
| 17:03 | 武林(野うさぎ同盟 ) · first_building Stable |
| 17:08 | Marchantia · first_building Barracks |
| 17:45 | 武林(野うさぎ同盟 ) · age_up castle |
| 17:47 | Czech_Airwave · first_building Siege Workshop |
| 17:51 | Marchantia · first_building Stable |
| 18:24 | Lalo Salamanca · first_market_sell 100 stone |
| 18:46 | 焕城 · first_market_sell 100 wood |
| 18:47 | Dr_Sanz · first_building Stable |
| 19:33 | Marchantia · first_building Siege Workshop |
| 20:59 | 焕城 · first_building Barracks |
| 21:09 | Lalo Salamanca · first_building Barracks |
| 21:28 | Marchantia · age_up castle |
| 21:33 | 焕城 · first_market_buy 100 food |
| 23:34 | Dr_Sanz · first_building Castle |
| 25:38 | Dr_Sanz · wall_segment Stone Wall x5 |
| 28:27 | 武林(野うさぎ同盟 ) · first_building Castle |
| 31:12 | Marchantia · first_building Castle |
| 32:21 | 焕城 · wall_segment Stone Wall x4 |
| 32:24 | Dr_Sanz · age_up imperial |
| 32:55 | 武林(野うさぎ同盟 ) · age_up imperial |
| 33:21 | 焕城 · wall_segment Stone Wall x8 |
| 33:22 | 焕城 · wall_segment Stone Wall x4 |
| 36:48 | Dr_Sanz · first_market_sell 100 food |
| 36:49 | Marchantia · age_up imperial |
[ ANÁLISIS IA · 1 CRÉDITO ]
¿Qué pasó realmente en esta partida?
Wolo.gg analiza cada decisión: build order, eco, micro, errores típicos por bracket. Análisis personalizado por WhatsApp o Discord en 30 segundos.
Guía civ
Malayos
Perfil
Jugador #210148